AoeStats
← Sergio9108

Arena

510429874Analyzed
4v4 RM · 2d ago on Oct 1, 2026· 11m 47s· 8 players
Game mode
Random Map
Map size
Large (8 player)
Population
200
Speed
Normal
Resources
Standard
Victory
Conquest
Starting age
Dark Age
Ending age
Imperial Age
RankedLock teamsTeams togetherTeam positionsShared explorationLock speedFull tech treeHidden civsTurbo modeCheats
Victory
Defeat
🇵🇪 Bohemians · Peru
1200
+14
🇨🇳 Saxons · China
1187
+14
🇹🇷 Turks · Türkiye
1133
+17
🇹🇷 Byzantines · Türkiye
1070
+20
🇹🇷 Turks · Türkiye
1193
-18
🇺🇸 Shu · United States
1151
-16
🇳🇱 Vietnamese · Netherlands
1136
-16
🇨🇴 Aztecs · Colombia
1122
-15
Level 2 Slime
10:26 Feudal Age
Lunakik
10:29 Feudal Age
Sergio9108
9:59 Feudal Age
Bilbo Baggins
11:05 Feudal Age
İştirakî
11:29 Loom
† Yatugrat †
11:28 Feudal Age
Alastor1001
11:00 Feudal Age
MyGO.Soyo
12:26 Feudal Age
Connection lost

Rejoining the realm…

Still unreachable

The connection could not be restored.

Session expired

The server has moved on; the page needs a fresh start.